 Dungeon Crawl Stone Soup version 0.26.1-11-gd32895ea62 (webtiles) character file.

Game seed: 4843347641954641409

508 dtburroughs the Chopper (level 6, -4/56 HPs)
             Began as a Minotaur Berserker on May 17, 2021.
             Was a Believer of Trog.
             Slain by an orc warrior
             ... wielding a cursed -3 dire flail
              (9 damage)
             ... on level 4 of the Dungeon on May 18, 2021.
             The game lasted 00:06:32 (3712 turns).

dtburroughs the Chopper (Minotaur Berserker)        Turns: 3712, Time: 00:06:32

Health: -4/56      AC: 10    Str: 22    XL:     6   Next: 98%
Magic:  5/5        EV:  9    Int:  6    God:    Trog [**....]
Gold:   141        SH:  3    Dex:  9    Spells: 5/5 levels left

rFire    . . .     SeeInvis .   a - +0 hand axe
rCold    . . .     Faith    .   u - +0 buckler
rNeg     . . .     Spirit   .   h - +0 chain mail
rPois    .         Reflect  .   (helmet restricted)
rElec    .         Harm     .   o - +0 cloak
rCorr    .         Rampage  .   (no gloves)
Will     .....                  (no boots)
Stlth    ..........             (no amulet)
HPRegen  0.18/turn              (no ring)
MPRegen  0.09/turn              (no ring)

@: slowed, very slow
A: retaliatory headbutt, horns 2
a: Renounce Religion, Berserk, Trog's Hand


You were on level 4 of the Dungeon.
You worshipped Trog.
Trog was pleased with you.
You visited 1 branch of the dungeon, and saw 4 of its levels.

You collected 141 gold pieces.

Inventory:

Hand Weapons
 a - a +0 hand axe (weapon)
Armour
 h - a +0 chain mail (worn)
 o - a +0 cloak (worn)
 u - a +0 buckler (worn)
Jewellery
 l - a +4 ring of evasion {unknown}
 p - an uncursed ring of resist corrosion {unknown}
 t - a cursed amulet of inaccuracy {unknown}
 w - an uncursed amulet of regeneration {unknown}
 x - an uncursed ring of magical power {unknown}
Wands
 q - a wand of iceblast (6)
Scrolls
 b - a scroll of immolation {unknown}
 d - 2 scrolls of amnesia {unknown}
 e - 2 scrolls of blinking {unknown}
 f - a scroll of magic mapping {unknown}
 g - 2 scrolls of fear {unknown}
 i - 2 scrolls of noise {unknown}
 j - 3 scrolls of remove curse {unknown}
 y - 2 scrolls of identify {unknown}
 z - a scroll of teleportation {unknown}
Potions
 c - 3 potions of ambrosia {unknown}
 k - 2 potions of heal wounds {unknown}
 m - a potion of haste {unknown}
 n - 2 potions of lignification {unknown}
 r - a potion of mutation {unknown}
 s - a potion of resistance {unknown}
 v - a potion of magic {unknown}


   Skills:
 + Level 5.4 Fighting
 + Level 5.5 Axes
 + Level 4.7 Armour
 + Level 4.2 Dodging
 + Level 1.8 Shields
 + Level 1.1 Evocations


You had 5 spell levels left.
You didn't know any spells.
Your spell library was empty.

Dungeon Overview and Level Annotations

Branches:
Dungeon (4/15)
 Temple: D:4-7

Altars:


Innate Abilities, Weirdness & Mutations

You reflexively headbutt those who attack you in melee.
You have a pair of horns on your head.


Message History

You see here 2 stones.
Things that are here:
2 stones; an adder corpse You closely miss the orc warrior.
The orc warrior hits you with a cursed -3 dire flail!!
* * * LOW HITPOINT WARNING * * *
You hit the orc warrior but do no damage.
An orc wizard appears from thin air!
Reactivating autopickup.
The orc wizard gestures wildly while chanting.
The orc wizard blinks!
The orc warrior barely misses you. You furiously retaliate!
You headbutt the orc warrior!
The orc warrior hits you with a cursed -3 dire flail!
* * * LOW HITPOINT WARNING * * *
You hit the orc warrior.
The orc warrior is heavily wounded.
The orc wizard casts a spell.
The orc wizard blinks!
The orc warrior hits you with a cursed -3 dire flail!
You die...

..... .... ### ...
#.. ... #.# .### #.#
#.# .... #.# #.#
##..#.#####.#
#.....§o@...##.#.#
.....o##.###.......#
#.... #.###.###.###
#### ####
#.........# ...#
######.##### ##.#
#......# #.#
##.###### #.# #...#
##.###### #...#


You could see an orc warrior and an orc wizard (fast).

Vanquished Creatures
  Sigmund (D:3)
  A phantom (D:4)
  A big kobold (D:4)
  Blork the orc (D:4)
  An orc priest (D:3)
  4 adders
  An ooze (D:1)
  An adder skeleton (D:4)
  2 dart slugs
  5 orcs
  A ball python (D:1)
  3 bats (D:1)
  5 giant cockroaches
  8 goblins
  5 hobgoblins
  9 kobolds
  A quokka (D:3)
  5 frilled lizards
  6 rats (D:1)
61 creatures vanquished.

Vanquished Creatures (others)
  A fungus (D:4)
1 creature vanquished.

Grand Total: 62 creatures vanquished

Notes
Turn   | Place    | Note
-------+----------+-------------------------------------------
     0 | D:1      | dtburroughs the Minotaur Berserker began the quest for the
                  | Orb.
     0 | D:1      | Reached XP level 1. HP: 19/19 MP: 0/0
   575 | D:1      | Reached XP level 2. HP: 27/27 MP: 1/1
   870 | D:1      | Reached XP level 3. HP: 33/33 MP: 2/2
  1373 | D:2      | Found a faded altar of an unknown god.
  1631 | D:2      | Reached ** piety under Trog
  2024 | D:3      | Reached XP level 4. HP: 30/41 MP: 3/3
  2355 | D:3      | Noticed Sigmund
  2389 | D:3      | Killed Sigmund
  2390 | D:3      | Reached skill level 5 in Fighting
  2390 | D:3      | Reached skill level 5 in Axes
  2390 | D:3      | Reached XP level 5. HP: 17/48 MP: 4/4
  2734 | D:3      | Reached XP level 6. HP: 51/56 MP: 5/5
  3078 | D:4      | Noticed Blork the orc
  3107 | D:4      | Reached skill level 1 in Shields
  3113 | D:4      | Killed Blork the orc
  3598 | D:4      | Reached skill level 1 in Evocations
  3704 | D:4      | Noticed an orc warrior
  3712 | D:4      | Slain by an orc warrior

Illustrated notes

Levels and vault maps discovered:
D:1:      scummos_arrival_checkerplants, layout_basic
D:2:      layout_basic, chequers_ecumenical_altar_simple_redux
D:3:      layout_basic, uniq_sigmund
D:4:      layout_loops_cross, tso_metal_star, serial_shops, shop,
          uniq_blork_the_orc, uniq_crazy_yiuf_cottage

Skill      XL: |  1  2  3  4  5  6 |
---------------+-------------------+-----
Axes           | 4 5 |  5.5
Fighting       | 4 5 |  5.4
Armour         | 3 4 |  4.7
Dodging        | 3 4 |  4.2
Shields        | 1 |  1.8
Evocations     | 1 |  1.1

Action                   |  1- 3 |  4- 6 || total
-------------------------+-------+-------++-------
Melee: Hand axe          |    87 |   116 ||   203
       Headbutt          |    12 |    15 ||    27
Invok: Trog's Hand       |       |     2 ||     2
       Berserk           |       |     1 ||     1
 Stab: Sleeping          |     1 |       ||     1
Armor: Animal skin       |     2 |       ||     2
       Chain mail        |    37 |    58 ||    95
Dodge: Dodged            |    37 |    29 ||    66
Block: Buckler           |       |    11 ||    11
